 Dungeon Crawl Stone Soup version 0.19-a0-1553-g64c24c3 (webtiles) character file.

186 hairmachine the Cudgeler (level 5, -5/42 HPs)
             Began as a Minotaur Skald on Sept 14, 2016.
             Slain by an ogre
             ... wielding a cursed -2 giant club
              (18 damage)
             ... on level 4 of the Dungeon.
             The game lasted 00:08:10 (3135 turns).

hairmachine the Cudgeler (Minotaur Skald)           Turns: 3135, Time: 00:08:10

Health: -5/42      AC: 10    Str: 16    XL:     5   Next: 38%
Magic:  6/6        EV: 12    Int:  9    God:
Gold:   65         SH:  0    Dex: 16    Spells: 1 memorised, 5 levels left

rFire  + . .     SeeInvis .     a - +0 mace
rCold  x . .     Gourm    .     k - +0 chain mail
rNeg   . . .     Faith    .     (no shield)
rPois  .         Spirit   .     (helmet restricted)
rElec  .         Dismiss  .     (no cloak)
rCorr  .         Reflect  .     (no gloves)
MR     .....     Harm     .     (no boots)
Stlth  ..........               (no amulet)
                                (no ring)
                                j - ring of fire

@: agile
A: retaliatory headbutt, hooves 1, horns 2, molten scales 1, regeneration 1
a: no special abilities


You were on level 4 of the Dungeon.
You were not hungry.

You visited 1 branch of the dungeon, and saw 4 of its levels.

You collected 65 gold pieces.

Inventory:

Hand Weapons
 a - a +0 mace (weapon)
 r - a +0 blowgun
Missiles
 s - 19 poisoned needles
Armour
 k - a +0 chain mail (worn)
Jewellery
 j - a ring of fire (left hand)
 u - a cursed -2 ring of protection {unknown}
Wands
 q - a wand of iceblast (9/15)
 w - a wand of random effects (21/48)
Scrolls
 b - a scroll of amnesia {unknown}
 e - 2 scrolls of identify
 g - 4 scrolls of remove curse
 o - a scroll of teleportation {unknown}
Potions
 f - a potion of mutation
 l - a potion of agility
 m - a potion of heal wounds {unknown}
 p - a potion of beneficial mutation {unknown}
 t - a potion of brilliance {unknown}
Books
 c - a book of Battle

   Spells                             Type                      Level
   a - Infusion                       Charms                       1
   b - Shroud of Golubria             Charms/Translocation         2
   c - Song of Slaying                Charms                       2
   d - Spectral Weapon                Hexes/Charms                 3
   e - Regeneration                   Charms/Necromancy            3
Comestibles
 d - a bread ration
 h - 2 meat rations
 i - a beef jerky
 n - a royal jelly
 v - 2 chunks of flesh


   Skills:
 - Level 2.4 Fighting
 + Level 6.4 Maces & Flails
 + Level 1.5 Throwing
 - Level 1.2 Armour
 - Level 1.1 Dodging
 - Level 1.3 Spellcasting
 - Level 2.0 Charms


You had 5 spell levels left.
You knew the following spells:

 Your Spells              Type           Power        Failure   Level  Hunger
a - Infusion              Chrm           #...         100%        1    ##.....


Dungeon Overview and Level Annotations

Branches:
Dungeon (4/15)
 Temple: D:4-7

Altars:


Innate Abilities, Weirdness & Mutations

You reflexively headbutt those who attack you in melee.
You have a pair of horns on your head.
You have large cloven feet.
You are partially covered in molten scales. (AC +2)
Your natural rate of healing is unusually fast.


Message History

An ogre comes into view. It is wielding a giant club.
The ogre shouts!
You closely miss the ogre. Your headbutt misses the ogre.
The ogre hits you with a giant club!
You hit the ogre but do no damage. You headbutt the ogre!
The ogre is heavily wounded.
The ogre hits you with a giant club!!
* * * LOW HITPOINT WARNING * * *
As you read the scroll labeled SUASSI JUAHE, it crumbles to dust.
It is a scroll of identify.
g - 4 scrolls of remove curse The ogre barely misses you.
It was a potion of mutation.
You feel extremely strange.
Your feet thicken and deform.
Molten scales grow over part of your body.
You begin to heal more quickly.
It was a potion of agility.
You feel agile all of a sudden. The ogre hits you with a giant club!!
You die...

..#..<#.###.#####.#
#.###.#.#########.#######
.................>......#
#.##<############.#####.#
#.....# #.....#.# ..##..#
#....##.# ......#
###.....# ..##.##
#####..#### ..##.#
#.@....# ####.# #O####.#
# #.# +.. #.# . .# ###
#.# #.# ..# ###


You could see an ogre.

Vanquished Creatures
  A giant frog skeleton (D:3)
  Natasha (twice) (D:3)
  An adder (D:3)
  2 oozes
  A worm (D:2)
  An adder skeleton (D:4)
  6 dart slugs
  2 giant geckos (D:1)
  3 giant cockroaches
  7 goblins
  5 hobgoblins
  12 jackals
  6 kobolds
  A ball python (D:1)
  3 bats
  12 frilled lizards
  4 rats
69 creatures vanquished.

Notes
Turn   | Place    | Note
-------+----------+-------------------------------------------
     0 | D:1      | hairmachine the Minotaur Skald began the quest for the Orb.
     0 | D:1      | Reached XP level 1. HP: 18/18 MP: 1/1
   143 | D:1      | Reached skill level 3 in Maces & Flails
   161 | D:1      | Reached XP level 2. HP: 19/25 MP: 3/3
   412 | D:1      | Reached skill level 4 in Maces & Flails
   500 | D:1      | Reached XP level 3. HP: 19/30 MP: 4/4
  1257 | D:2      | Reached skill level 5 in Maces & Flails
  1788 | D:3      | Reached XP level 4. HP: 37/37 MP: 5/5
  2549 | D:3      | Reached skill level 6 in Maces & Flails
  2799 | D:3      | Noticed Natasha
  2802 | D:3      | Killed Natasha
  2802 | D:3      | Reached XP level 5. HP: 42/42 MP: 6/6
  2928 | D:3      | Noticed Natasha
  2934 | D:3      | Killed Natasha
  2934 | D:3      | Reached skill level 1 in Throwing
  3130 | D:4      | Noticed an ogre
  3134 | D:4      | Gained mutation: You have large cloven feet. [potion of mutation]
  3134 | D:4      | Gained mutation: You are partially covered in molten scales. (AC +2) [potion of mutation]
  3134 | D:4      | Gained mutation: Your natural rate of healing is unusually fast. [potion of mutation]
  3135 | D:4      | Slain by an ogre

Vault maps used:
D:1:      dpeg_arrival_tiny_e, minmay_lizard_pond
D:3:      kennysheep_big_flooded_room, kennysheep_minor_cross, uniq_natasha
D:4:      minitemple, first_bread, uniq_crazy_yiuf_cottage

Skill      XL: |  1  2  3  4  5 |
---------------+----------------+-----
Maces & Flails | 3 4 5 6 |  6.4
Throwing       | 1 |  1.5
Fighting       | |  2.4
Armour         | |  1.2
Dodging        | |  1.1
Spellcasting   | |  1.3
Charms         | |  2.0

Action                   |  1- 3 |  4- 6 || total
-------------------------+-------+-------++-------
Melee: Mace              |   100 |    55 ||   155
       Headbutt          |    15 |     9 ||    24
 Fire: Blowgun           |       |    11 ||    11
  Use: Potion            |       |     2 ||     2
       Scroll            |       |     1 ||     1
  Eat: Chunk             |     3 |     4 ||     7
Armor: Leather armour    |    18 |       ||    18
       Chain mail        |    20 |    26 ||    46
Dodge: Dodged            |    52 |    21 ||    73
